 Dungeon Crawl Stone Soup version 0.31.0-32-g396128a36d (webtiles) character file.

Game seed: 11654792573554364624

104 CyberFan the Firebug (level 4, 0/39 HPs)
             Began as an Oni Fire Elementalist on Apr 6, 2024.
             Was a Believer of Qazlal.
             Succumbed to a gnoll's poison
             ... on level 3 of the Dungeon.
             The game lasted 00:10:36 (1831 turns).

CyberFan the Firebug (Oni Fire Elementalist)        Turns: 1831, Time: 00:10:37

Health: 0/39       AC:  3    Str: 15    XL:     4   Next: 80%
Magic:  2/8        EV: 10    Int: 18    God:    Qazlal [**....]
Gold:   160        SH:  8    Dex:  9    Spells: 5/9 levels left

rFire   . . .        m - +3 morningstar (protect)
rCold   . . .        (no shield)
rNeg    . . .        j - +0 robe of Mirth {Str+3}
rPois   .            (helmet restricted)
rElec   .            (no cloak)
rCorr   .            (gloves unavailable)
SInv    .            (boots unavailable)
Will    .....        c - amulet of reflection
Stlth   +            h - ring of flight
HPRegen 0.26/turn    (no ring)
MPRegen 0.11/turn

%: reflection
@: lethally poisoned (0 -> -1), flying
A: large, unfitting armour, horns 1, tough skin 1, double potion healing,
drunken brawling
a: Renounce Religion, Upheaval


You were on level 3 of the Dungeon.
You worshipped Qazlal.
Qazlal was pleased with you.
You visited 1 branch of the dungeon, and saw 3 of its levels.

You collected 160 gold pieces.

Inventory:

Hand Weapons
 e - a +0 war axe
 f - a +2 whip of venom
 m - a +3 morningstar of protection (weapon)
Armour
 a - a +0 robe
 j - the +0 robe of Mirth (worn) {Str+3}
   (You found it on level 2 of the Dungeon)

   Str+3:     It affects your strength (+3).
Jewellery
 c - an amulet of reflection (around neck)
 h - a ring of flight (left hand)
Scrolls
 d - a scroll of noise {unknown}
 g - a scroll of amnesia {unknown}
 i - a scroll of identify {unknown}
 l - a scroll of teleportation {unknown}
Potions
 b - a potion of magic
 k - a potion of cancellation


   Skills:
 + Level 0.1(0.4) Axes
 + Level 0.7(0.8) Maces & Flails
 + Level 2.2 Dodging
 + Level 1.5 Stealth
 + Level 0.5 Shields
 + Level 0.4 Unarmed Combat
 + Level 3.2 Spellcasting
 + Level 1.3 Conjurations
 + Level 3.6 Fire Magic


You had 5 spell levels left.
You knew the following spells:

 Your Spells              Type           Power      Damage    Failure   Level
a - Foxfire               Conj/Fire      44%        2x1d6     6%          1
b - Scorch                Fire           32%        2d6       5%          2
c - Slow                  Hex            8%         N/A       16%         1

Your spell library contained the following spells:

 Spells                   Type           Power      Damage    Failure   Level
 Inner Flame              Hex/Fire       9%         N/A       22%         3
 Volatile Blastmotes      Fire/Tloc      18%        2d11      22%         3
 Confusing Touch          Hex            2%         N/A       43%         3
 Sigil of Binding         Hex            2%         N/A       43%         3
 Vampiric Draining        Necr           2%         2d6       43%         3
 Flame Wave               Conj/Fire      11%        2d6       50%         4


Dungeon Overview and Level Annotations

Branches:
Dungeon (3/15)

Altars:
Hepliaklqana
Qazlal


Innate Abilities, Weirdness & Mutations

You are too large for most types of armour.
You have a pair of small horns on your head.
You have tough skin. (AC +1)
You gain doubled healing and magic from potions.
Whenever you drink a healing potion, you attack all around you.


Message History

The quokka bites you.
* * * LOW HITPOINT WARNING * * *
* * * LOW HITPOINT WARNING * * *
You feel very sick.
You are too injured to fight recklessly!
Casting: Foxfire (safe; 6% risk of failure)
Confirm with . or Enter, or press ? or * to list all spells.
Aiming: Slow (safe; 16% risk of failure)
Press: ? - help, Shift-Dir - straight line, f - quokka
Aim: a quokka (moderately wounded, chance to affect: 52%)
The quokka resists with significant effort.
* * * LOW HITPOINT WARNING * * *
You feel sick. The quokka barely misses you.
A gnoll comes into view. It is wielding a +0 flail.
The gnoll completely misses you. You block the quokka's attack.
* * * LOW HITPOINT WARNING * * *
You feel sick.
* * * LOW HITPOINT WARNING * * *
You feel sick. The quokka attacks as it pursues you!
The quokka bites you but does no damage.
* * * LOW HITPOINT WARNING * * *
You feel sick.
Casting: Slow (safe; 16% risk of failure)
Confirm with . or Enter, or press ? or * to list all spells.
Flames lash the quokka.
You kill the quokka!
Qazlal accepts your kill.
* * * LOW HITPOINT WARNING * * *
You feel sick.
* * * LOW HITPOINT WARNING * * *
You feel sick.
Casting: Scorch (safe; 5% risk of failure)
Confirm with . or Enter, or press ? or * to list all spells.
You don't know that spell.
Casting: Scorch (safe; 5% risk of failure)
Confirm with . or Enter, or press ? or * to list all spells.
Flames lash the adder.
The adder is moderately wounded.
The adder's fire resistance burns away.
You die...

......#<.##.#
###..####.....#
..##.... ..#.### #.
#.##..# ##...#
#.##.##..+ #####
.......# ... #.....#
_. #.....# .##
####@○...# #####'#
#.g.g....#####.....##
#S##.................
#.#.#####.....)......
#g#g.###.............
#S....#.######...####
###.##.#### #..[#
#.g.....# #...#
#.##.##.# #...#


You could see 3 gnolls and an adder (combustible).

Vanquished Creatures
  Terence (D:3)
  2 adders (D:3)
  An orc (D:3)
  3 ball pythons
  5 bats
  5 endoplasms
  A giant cockroach (D:1)
  5 goblins
  6 hobgoblins
  6 jackals
  3 kobolds
  4 quokkas
  3 frilled lizards
  8 rats
53 creatures vanquished.

Vanquished Creatures (others)
  45 foxfires
45 creatures vanquished.

Grand Total: 98 creatures vanquished

Notes
Turn   | Place    | Note
-------+----------+-------------------------------------------
     0 | D:1      | CyberFan the Oni Fire Elementalist began the quest for the
                  | Orb.
     0 | D:1      | Reached XP level 1. HP: 16/16 MP: 3/3
   128 | D:1      | Reached XP level 2. HP: 22/24 MP: 1/5
   262 | D:1      | Reached skill level 1 in Conjurations
   283 | D:1      | Found a faded altar of an unknown god.
   300 | D:1      | Prayed at the altar of an unknown god.
   300 | D:1      | Became a worshipper of Qazlal Stormbringer
   300 | D:1      | Reached * piety under Qazlal
   344 | D:1      | Reached XP level 3. HP: 31/31 MP: 6/6
  1126 | D:2      | Reached ** piety under Qazlal
  1198 | D:2      | Learned a level 2 spell: Scorch
  1319 | D:2      | Identified the +0 robe of Mirth {Str+3}
  1347 | D:3      | Learned a level 1 spell: Slow
  1362 | D:3      | Reached XP level 4. HP: 39/39 MP: 5/7
  1624 | D:3      | Found a hazy altar of Hepliaklqana.
  1624 | D:3      | Noticed Terence
  1638 | D:3      | Killed Terence
  1830 | D:3      | HP: 1/39 [poisoned by a gnoll]
  1831 | D:3      | Succumbed to a gnoll's poison

Illustrated notes

Levels and vault maps discovered:
D:1:      ncdulo_lavacross, layout_rooms, chequers_ecumenical_altar_simple_redux
D:2:      layout_basic, serial_corexii_hall, chequers_hall_statues_corner_a,
          chequers_hall_statues_y, corexii_hall_statues_i,
          corexii_hall_statues_x, due_unseen_surprise
D:3:      layout_loops_cross, mainiacjoe_overflow_divided_tiny, st_stairs_7,
          uniq_terence

Skill      XL: |  1  2  3  4 |
---------------+-------------+-----
Fire Magic     | 3 |  3.6
Dodging        | 2 |  2.2
Conjurations   | 1 |  1.3
Spellcasting   | 3 |  3.2
Axes           | |  0.1
Maces & Flails | |  0.7
Stealth        | |  1.5
Shields        | |  0.5
Unarmed Combat | |  0.4

Action                     |  1- 3 |  4- 6 || total
---------------------------+-------+-------++-------
  Melee: Unarmed           |    54 |       ||    54
         Headbutt          |    10 |       ||    10
         Whip              |    24 |    11 ||    35
         War axe           |     8 |       ||     8
         Morningstar       |       |    11 ||    11
   Cast: Foxfire           |    23 |    13 ||    36
         Slow              |       |     2 ||     2
         Scorch            |       |     2 ||     2
    Use: Scroll            |     2 |       ||     2
         Potion            |     5 |       ||     5
 Armour: Robe              |    45 |    24 ||    69
  Dodge: Dodged            |    33 |    13 ||    46
  Block: Other             |    16 |    13 ||    29
